 Seeded DCSS version 0.27.1-2-g3b301248ec (webtiles) character file.

Game seed: 17848141825139092340 (custom seed)

35 rocky1 the Skirmisher (level 3, -1/40 HPs)
             Began as an Ogre Hunter on Oct 1, 2021.
             Slain by a worm (3 damage)
             ... on level 2 of the Dungeon.
             The game lasted 00:03:41 (2096 turns).

rocky1 the Skirmisher (Ogre Hunter)                 Turns: 2096, Time: 00:03:41

Health: -1/40      AC:  3    Str: 16    XL:     3   Next: 33%
Magic:  3/3        EV:  9    Int: 12    God:
Gold:   71         SH:  5    Dex: 10    Spells: 2/2 levels left

rFire    . . .     SeeInvis .   e - +0 whip
rCold    . . .     Faith    .   (no shield)
rNeg     . . .     Spirit   .   b - +0 robe
rPois    .         Reflect  +   (helmet restricted)
rElec    .         Harm     .   (no cloak)
rCorr    .         Rampage  .   (gloves unavailable)
Will     .....                  (boots unavailable)
Stlth    +.........             p - amulet of reflection
HPRegen  0.13/turn              (no ring)
MPRegen  0.08/turn              (no ring)

@: no status effects
A: large, unfitting armour, tough skin 1
a: no special abilities


You were on level 2 of the Dungeon.
You visited 1 branch of the dungeon, and saw 2 of its levels.

You collected 71 gold pieces.

Inventory:

Hand Weapons
 a - a +0 short sword
 e - a +0 whip (weapon)
Missiles
 d - a throwing net (quivered)
 f - 10 stones
 o - 15 poisoned darts
Armour
 b - a +0 robe (worn)
Jewellery
 h - an amulet of faith
 p - an amulet of reflection (around neck)
Scrolls
 j - a scroll of immolation {unknown}
 l - a scroll of teleportation {unknown}
 q - a scroll of blinking {unknown}
Potions
 g - a potion of degeneration {unknown}
 i - a potion of berserk rage {unknown}
 k - a potion of lignification {unknown}
 m - a potion of attraction {unknown}
 n - a potion of heal wounds {unknown}


   Skills:
 + Level 4.4 Fighting
 + Level 1.1 Short Blades
 - Level 4.0 Throwing
 - Level 1.7 Dodging
 - Level 0.6 Stealth


You had 2 spell levels left.
You didn't know any spells.
Your spell library was empty.

Dungeon Overview and Level Annotations

Branches:
Dungeon (2/15)

Altars:


Innate Abilities, Weirdness & Mutations

You are too large for most types of armour.
You have tough skin. (AC +1)


Message History

Aim: a worm (moderately wounded, 79% to hit)
You throw a throwing net. The throwing net hits the worm.
The worm is caught in the net!
The worm is moderately wounded.
The worm struggles against the net.
You hit the worm.
The worm is moderately wounded.
The worm struggles against the net.
You hit the worm but do no damage.
The worm is moderately wounded.
You hit the worm.
The worm is heavily wounded.
The worm struggles against the net.
You hit the worm.
The worm is almost dead.
You completely miss the worm.
The worm is almost dead.
The worm struggles against the net.
You hit the worm but do no damage.
The worm is severely wounded.
The worm struggles against the net.
You hit the worm.
The worm is almost dead.
The worm struggles against the net.
You hit the worm but do no damage.
The worm is almost dead.
You hit the worm but do no damage.
The worm is almost dead.
The worm struggles against the net.
The net rips apart, and the worm comes free!
You hit the worm.
The worm is almost dead.
The worm bites you.
* * * LOW HITPOINT WARNING * * *
You hit the worm.
The worm is almost dead.
You barely miss the worm.
The worm is almost dead.
The worm bites you.
You die...

###..#G#...#G#....# ....
#..###...###....# .....
###..............#####.....
#...........##.............
#..........###..........###
#......##...# #.........##.
#...........###.........##.
#.......................##.
#.........@w...(.....([(###
#.................)......##
#.................####..(..
#.................####.....
#..........................
#.....##........##.........
#.....#####.#....'.......##
#...#.# #.#'####.......#
#####.#####...........#+###


You could see a worm.

Vanquished Creatures
  An adder (D:2)
  2 dart slugs (D:1)
  4 ball pythons
  4 endoplasms
  A giant cockroach (D:1)
  3 goblins
  A bat (D:2)
  A frilled lizard (D:1)
  4 kobolds (D:1)
  A rat (D:1)
22 creatures vanquished.

Notes
Turn   | Place    | Note
-------+----------+-------------------------------------------
     0 | D:1      | rocky1 the Ogre Hunter began the quest for the Orb.
     0 | D:1      | Reached XP level 1. HP: 22/22 MP: 1/1
   221 | D:1      | Reached XP level 2. HP: 30/31 MP: 2/2
  1564 | D:2      | Found a faded altar of an unknown god.
  1567 | D:2      | Noticed a golden eye
  1574 | D:2      | Noticed a golden eye
  1579 | D:2      | Noticed a great orb of eyes
  1619 | D:2      | Reached XP level 3. HP: 39/39 MP: 3/3
  1831 | D:2      | Reached skill level 1 in Short Blades
  2059 | D:2      | HP: 2/40 [worm (6)]
  2094 | D:2      | HP: 2/40 [worm (5)]
  2096 | D:2      | Slain by a worm

Illustrated notes

Levels and vault maps discovered:
D:1:      onia_arrival_handbag, layout_basic
D:2:      layout_basic, hellmonk_ecumenical_altar_watching_god, st_stairs_11,
          minmay_misc_feat_four_crosses, uniq_sigmund, uniq_natasha

Skill      XL: |  1  2  3 |
---------------+----------+-----
Fighting       | 3 4 |  4.4
Short Blades   | 1 |  1.1
Throwing       | |  4.0
Dodging        | |  1.7
Stealth        | |  0.6

Action                   || total
-------------------------++-------
Melee: Short sword       ||    27
       Whip              ||    97
Throw: Large rock        ||     6
       Throwing net      ||     1
 Stab: Sleeping          ||     3
Armor: Robe              ||    27
Dodge: Dodged            ||    57
Block: Other             ||     3
